Map: Fracture LE

Players

ShaDoWn

  • Race: Protoss Protoss
  • Spawn Location: 5:00

Semper - Winner!

  • Race: Terran Terran
  • Spawn Location: 11:00

Event: WCS Montreal 2018

VOD

Have the link to the VOD?

Description

Time

  • Played on: Sept. 7, 2018, 4:40 p.m.
  • Length: 9:05

All games in this series

Show
View Real Time Build Order
Export as new Build Order

ShaDoWn Protoss 

Build Orders: 1 Gate Expand, Dark Templar Rush 

Get SALT Encoding   

  12  0:02  Probe  
  13  0:14  Probe  
  14  0:17  Pylon  
  14  0:25  Probe  
  15  0:33  Probe  
  15  0:39  Gateway  
  15  0:41  Probe  
  16  0:47  Assimilator  
  17  0:52  Probe  
  18  1:04  Probe  
  19  1:16  Probe  
  20  1:26  Cybernetics Core  
  20  1:35  Nexus  
  20  1:40  Pylon  
  20  1:44  Probe  
  21  1:51  Assimilator  
  21  1:53  Adept  
  20  1:56  Probe  
  21  2:02  Warp Gate  
  23  2:08  Probe  
  23  2:10  Stalker  
  24  2:21  Probe  
  27  2:33  Probe  
  28  2:40  Stalker  
  28  2:45  Probe  
  28  2:50  Probe  
  29  2:57  Probe, Twilight Council  
  29  2:58  Probe  
  32  3:06  Probe  
  32  3:09  Probe  
  32  3:11  Stalker  
  36  3:15  Probe  
  37  3:21  Probe  
  37  3:24  Probe  
  39  3:36  Probe  
  39  3:37  Probe  
  39  3:39  Dark Shrine  
  41  3:43  Gateway  
  41  3:45  Gateway  
  41  3:48  Probe x2  
  41  3:52  Pylon  
  43  4:00  Probe  
  43  4:01  Probe  
  45  4:10  Shield Battery, Probe  
  45  4:12  Stalker, Probe  
  45  4:15  Pylon  
  49  4:18  Probe  
  49  4:21  Blink  
  50  4:24  Assimilator  
  50  4:25  Probe  
  50  4:27  Probe  
  53  4:43  Nexus  
  52  4:46  Pylon  
  52  4:51  Dark Templar  
  52  4:52  Dark Templar  
  56  4:55  Probe  
  56  4:56  Probe  
  58  5:03  Robotics Facility  
  58  5:11  Stalker  
  58  5:12  Probe x2  
  60  5:24  Probe  
  60  5:28  Probe  
  61  5:30  Stalker  
  61  5:31  Stalker  
  59  5:36  Probe  
  59  5:38  Pylon  
  59  5:40  Probe  
  59  5:44  Observer  
  59  5:48  Probe  
  59  5:49  Pylon  
  61  5:57  Gateway  
  61  5:58  Gateway  
  61  5:59  Sentry, Zealot x2  
  68  6:07  Gateway  
  68  6:08  Immortal, Gateway  
  71  6:16  Gateway  
  71  6:19  Probe x2  
  71  6:20  Probe  
  74  6:28  Stalker x2  
  74  6:32  Stalker  
  80  6:36  Immortal  
  80  6:38  Probe x3  
  83  6:50  Pylon  
  87  7:09  Stalker x4  
  87  7:10  Forge  
  87  7:13  Zealot x2  
  87  7:14  Forge  
  99  7:21  Pylon  
  99  7:25  Probe x2  
  99  7:28  Pylon  
  101  7:35  Pylon  
  101  7:42  Warp Prism  
  101  7:43  Zealot x4  
  109  7:49  Pylon  
  109  7:50  Pylon  
  109  7:52  Pylon  
  111  8:01  Zealot x2  
  102  8:07  Probe  
  102  8:11  Probe  
  87  8:14  Probe  
  68  8:22  Stalker x4  
  66  8:35  Stalker, Pylon  
  63  8:49  Stalker x4  
  67  8:56  Stalker x2  
  67  9:01  Stalker x2  
Show
View Real Time Build Order
Export as new Build Order

Semper Terran - Winner!

Build Orders: Cyclone Opening, Reaper Expand, MMM Bio 

Get SALT Encoding   

  12  0:00  SCV  
  13  0:13  SCV  
  14  0:18  Supply Depot  
  14  0:25  SCV  
  15  0:40  SCV  
  15  0:41  Barracks  
  16  0:45  Refinery  
  16  0:52  SCV  
  18  1:04  SCV  
  18  1:16  SCV  
  19  1:29  Reaper, Orbital Command  
  20  1:45  Command Center  
  20  1:54  SCV  
  20  1:56  Supply Depot  
  21  2:01  Marine  
  21  2:06  SCV  
  23  2:10  Factory  
  23  2:15  Refinery  
  23  2:19  SCV  
  24  2:25  Barracks Reactor  
  24  2:31  SCV  
  25  2:45  SCV  
  26  2:54  Cyclone  
  29  2:59  Supply Depot  
  29  3:02  Marine x2  
  31  3:16  Starport  
  31  3:20  SCV, Marine x2  
  34  3:29  Widow Mine  
  34  3:33  SCV  
  37  3:38  Marine x2  
  38  3:43  Orbital Command  
  38  3:45  SCV, Liberator  
  39  3:54  Bunker, Widow Mine  
  41  3:56  Marine x2  
  41  3:57  SCV  
  41  4:00  Supply Depot  
  47  4:09  SCV x2  
  49  4:14  Marine  
  49  4:15  Barracks  
  50  4:21  SCV x2, Factory Tech Lab  
  52  4:25  Engineering Bay  
  52  4:31  Marine  
  52  4:33  SCV x2  
  52  4:35  Barracks  
  55  4:45  SCV x2  
  57  4:46  Supply Depot  
  57  4:51  Missile Turret  
  57  4:52  Terran Infantry Weapons Level 1  
  57  4:54  Starport Tech Lab  
  57  4:55  Marine x2  
  57  4:57  SCV  
  60  5:00  SCV  
  61  5:08  Barracks Tech Lab  
  61  5:09  Supply Depot  
  61  5:12  SCV  
  62  5:18  Siege Tank  
  62  5:20  Marine x3  
  68  5:22  Starport Reactor  
  68  5:25  SCV  
  66  5:32  SCV  
  68  5:36  Stimpack, Barracks Tech Lab  
  68  5:37  Marine  
  68  5:38  Marauder, SCV  
  68  5:44  SCV  
  68  5:45  Marine  
  68  5:49  Refinery  
  70  5:50  SCV, Supply Depot  
  70  5:51  Supply Depot  
  71  6:00  Combat Shields  
  71  6:01  SCV  
  71  6:02  SCV  
  71  6:03  Marauder, Factory Reactor  
  74  6:07  Refinery  
  74  6:08  Marine  
  75  6:11  Marine x2  
  75  6:15  Medivac  
  79  6:24  SCV x2  
  81  6:28  Medivac, Supply Depot  
  81  6:32  Marauder  
  85  6:33  Marauder  
  85  6:36  Marine x2  
  89  6:44  SCV x2  
  91  6:53  Command Center  
  91  6:57  Marine  
  91  6:58  Marauder x2, Marine  
  91  7:00  Medivac  
  96  7:03  Medivac  
  98  7:11  Supply Depot  
  98  7:12  Supply Depot  
  98  7:14  Widow Mine  
  100  7:19  Widow Mine  
  102  7:22  Concussive Shells  
  102  7:28  Marauder, Marine  
  105  7:32  Marine  
  105  7:33  Marauder  
  105  7:34  SCV  
  109  7:39  Widow Mine  
  111  7:46  Marine  
  111  7:49  Medivac  
  111  7:50  Marauder  
  116  7:52  Widow Mine  
  116  7:54  Marauder  
  120  8:00  Marine  
  120  8:03  Widow Mine, Marine  
  117  8:08  Orbital Command  
  117  8:09  SCV  
  117  8:11  Marauder  
  109  8:15  Marine  
  109  8:18  Marine  
  101  8:21  SCV x2, Marine  
  99  8:33  Marauder, Marine  
  100  8:36  Barracks, Marine  
  100  8:37  Widow Mine, Orbital Command  
  100  8:38  Barracks  
  103  8:41  SCV x2  
  103  8:45  Marine  
Tags
 
Add a new tag
Caveats
  • Supply blocks, unpowered buildings, or Contaminate may cause inaccurate times.
  • Supply counts are checked every 10 seconds.